 Dungeon Crawl Stone Soup version 0.30-b1-2-g02819fbbbe (webtiles) character file.

Game seed: 12273806468955392590

164 Alarkh the Trooper (level 5, 25/44 HPs)
             Began as a Demonspawn Artificer on Nov 22, 2023.
             Got out of the dungeon alive.
             The game lasted 00:02:42 (1921 turns).

Alarkh the Trooper (Demonspawn Artificer)           Turns: 1921, Time: 00:02:43

Health: 25/44      AC:  5    Str: 13    XL:     5   Next: 21%
Magic:  5/5        EV: 15    Int: 14    God:
Gold:   901        SH:  0    Dex: 15    Spells: 4/4 levels left

rFire   . . .        k - +0 short sword
rCold   . . .        (no shield)
rNeg    . . .        b - +0 leather armour
rPois   .            (helmet restricted)
rElec   .            (no cloak)
rCorr   .            (no gloves)
SInv    +            l - +2 pair of slick slippers {slick, slippery, EV+4}
Will    .....        (no amulet)
Stlth   ++           f - ring of see invisible
HPRegen 0.27/turn    (no ring)
MPRegen 0.09/turn

%: no passive effects
@: no status effects
A: horns 1, thin skeletal structure 1, powered by pain 1
a: no special abilities


You escaped.
You visited 1 branch of the dungeon, and saw 2 of its levels.

You collected 901 gold pieces.

Inventory:

Hand Weapons
 a - a +0 club
 k - a +0 short sword (weapon)
Armour
 b - a +0 leather armour (worn)
 i - a +0 crystal plate armour
 l - the +2 pair of slick slippers (worn) {slick, slippery, EV+4}
   (You acquired it on level 1 of the Dungeon)

   Slick:     Its wearer cannot be constricted, engulfed, netted or webbed.
   Slippery:  Its wearer slips away from damaging melee attacks, pulling the
   attacker onward.
   EV:        It affects your evasion (+4).
Magical Staves
 m - a staff of earth
Jewellery
 f - a ring of see invisible (left hand)
Wands
 c - a wand of flame (15) (quivered)
 d - a wand of charming (15)
Scrolls
 e - a scroll of identify {unknown}
 n - a scroll of fog {unknown}
 o - a scroll of enchant weapon {unknown}
 p - a scroll of torment {unknown}
 q - 2 scrolls of teleportation
 s - a scroll of magic mapping {unknown}
 u - a scroll of blinking {unknown}
Potions
 g - 3 potions of might {unknown}
 h - a potion of curing {unknown}
 j - 2 potions of attraction {unknown}
 r - a potion of lignification {unknown}
 t - a potion of mutation {unknown}


   Skills:
 + Level 5.1 Fighting
 - Level 1.7 Armour
 - Level 0.8 Dodging
 - Level 0.8 Stealth
 - Level 3.0 Evocations


You had 4 spell levels left.
You didn't know any spells.
Your spell library was empty.

Dungeon Overview and Level Annotations

Branches:
Dungeon (2/15)

Altars:


Innate Abilities, Weirdness & Mutations

You have a pair of small horns on your head.
You have a somewhat thin skeletal structure. (Dex +2, Stealth+)
You sometimes gain a little power by taking damage.


Message History

Your demonic ancestry asserts itself...
A pair of horns grows on your head!
Aiming: Iceblast
Press: ? - help, Shift-Dir - straight line The mass of ice explodes!
The iceblast engulfs the gnoll!!
You kill the gnoll!
Your Fighting skill increases to level 5!
Aiming: Iceblast
Press: ? - help, Shift-Dir - straight line, f - gnoll
Aim: a gnoll, wielding a +0 club The mass of ice explodes!
The iceblast engulfs the gnoll!!
You kill the gnoll!
The now-empty wand crumbles to dust.
The kobold throws a stone.
The stone closely misses you.
Things that are here:
a +0 quarterstaff; a scroll labelled ARIARI MYOGG; a gnoll corpse The kobold closely misses you.
Things that are here:
a +0 club; a scroll labelled TYURURCH EROCE; a gnoll corpse You hit the kobold.
The kobold is severely wounded.
The kobold hits you with a +0 whip.
* * * LOW HITPOINT WARNING * * *
You slip backwards!
You hit the kobold.
You kill the kobold!
e - a scroll labelled TYURURCH EROCE
Items here: ( )) ††.
u - a scroll labelled ARIARI MYOGG
Things that are here:
a +0 quarterstaff; a gnoll corpse You open the door.
There is an open door here.
There is a stone staircase leading up here.
You climb upwards.
There is a stone staircase leading down here.
There is an open door here.
There is a staircase leading out of the dungeon here.
Are you sure you want to leave the Dungeon?
This will make you lose the game!
You have escaped!

.................................
.#....##..######.######....#.....
.#.......## ###.# #.##.#.###.
.#....#### #...# #.##.#.# #.
##....# #.########.##.#.# #.
.♣.♣..## #.............#.# #.
...##..# ##########.#..#.# #.
.♣.♣#♣.# ### #.#..#.# #. .......#
######@######....#.# #. #♣.♣#♣##
#...........#.####.# #)
#.##.#####+####'####+#......###'
♣.♣...........#.# #...#######..
#....♣♣♣.♣###...######## #..
#####♣♣..♣ ###....##### #..
#####♣♣P.♣ ####.....##### #..
#........♣ #####.....###..
#....♣♣♣♣♣ #####..##..


There were no monsters in sight!

Vanquished Creatures
  Jessica (D:2)
  7 gnolls (D:2)
  2 adders (D:2)
  3 dart slugs (D:2)
  7 endoplasms
  2 giant cockroaches
  3 goblins
  4 hobgoblins
  5 jackals
  A quokka (D:2)
  2 ball pythons (D:2)
  4 bats
  5 kobolds
  2 rats
48 creatures vanquished.

Notes
Turn   | Place    | Note
-------+----------+-------------------------------------------
     0 | D:1      | Alarkh the Demonspawn Artificer began the quest for the
                  | Orb.
     0 | D:1      | Reached XP level 1. HP: 15/15 MP: 1/1
   307 | D:1      | Reached skill level 2 in Fighting
   307 | D:1      | Identified 2 scrolls of acquirement
   307 | D:1      | Acquired the +2 pair of slick slippers {slick, slippery,
                  | EV+4}
   307 | D:1      | Found the +2 pair of slick slippers {slick, slippery, EV+4}
   314 | D:1      | Acquired 856 gold pieces
   329 | D:1      | Gained mutation: You sometimes gain a little power by
                  | taking damage. [demonic ancestry]
   329 | D:1      | Reached XP level 2. HP: 21/22 MP: 2/2
  1004 | D:2      | Reached skill level 3 in Fighting
  1045 | D:2      | Reached XP level 3. HP: 29/29 MP: 3/3
  1398 | D:2      | Reached skill level 4 in Fighting
  1398 | D:2      | Gained mutation: You have a somewhat thin skeletal
                  | structure. (Dex +2, Stealth+) [demonic ancestry]
  1398 | D:2      | Reached XP level 4. HP: 24/37 MP: 4/4
  1669 | D:2      | Noticed Jessica
  1687 | D:2      | Killed Jessica
  1853 | D:2      | Gained mutation: You have a pair of small horns on your
                  | head. [demonic ancestry]
  1853 | D:2      | Reached XP level 5. HP: 11/43 MP: 5/5
  1855 | D:2      | Reached skill level 5 in Fighting
  1921 | D:$      | Got out of the dungeon alive.

Illustrated notes

Levels and vault maps discovered:
D:1:      minmay_arrival_three_doors, layout_basic, serial_forest,
          infiniplex_forest_end_1, infiniplex_forest_corner_1,
          infiniplex_forest_clump_medium, infiniplex_forest_clump_large,
          infiniplex_forest_lined_4_way
D:2:      layout_loops_corners, uniq_jessica

Skill      XL: |  1  2  3  4  5 |
---------------+----------------+-----
Fighting       | 2 3 4 5 |  5.1
Armour         | |  1.7
Dodging        | |  0.8
Stealth        | |  0.8
Evocations     | |  3.0

Action                     |  1- 3 |  4- 6 || total
---------------------------+-------+-------++-------
  Melee: Club              |    18 |       ||    18
         Short sword       |   117 |    65 ||   182
  Evoke: Wand              |     2 |     3 ||     5
    Use: Scroll            |     2 |     1 ||     3
   Stab: Sleeping          |     1 |     4 ||     5
 Armour: Crystal plate arm |    91 |    16 ||   107
         Leather armour    |     3 |     9 ||    12
  Dodge: Dodged            |    19 |    43 ||    62
